 Dungeon Crawl Stone Soup version 0.24-a0-335-g06ca16a (webtiles) character file.

Game seed: 5732684789722551979

9355 Borgoz the Cleaver (level 11, -12/95 HPs)
             Began as a Minotaur Gladiator on May 18, 2019.
             Was a Follower of Ashenzari.
             Mangled by a frost giant
             ... wielding a +2 battleaxe of freezing
              (23 damage)
             ... on level 11 of the Dungeon.
             The game lasted 00:18:15 (9672 turns).

Borgoz the Cleaver (Minotaur Gladiator)             Turns: 9672, Time: 00:18:15

Health: -12/95     AC: 11    Str: 29    XL:     11   Next: 22%
Magic:  12/12      EV: 17    Int:  5    God:    Ashenzari [*.....]
Gold:   694        SH:  0    Dex: 14    Spells: 10/10 levels left

rFire    + + .     SeeInvis .   k - +0 hand axe (elec)
rCold    + . .     Gourm    +   (no shield)
rNeg     . . .     Faith    .   p - +0 scale mail
rPois    +         Spirit   .   c - +0 hat
rElec    +         Reflect  .   d - +1 cloak
rCorr    +         Harm     .   E - +0 pair of gloves
MR       .....                  (no boots)
Stlth    +.........             m - amulet of the gourmand
HPRegen  0.25/turn              q - +4 ring of strength
MPRegen  0.13/turn              r - ring of protection from fire

@: mighty, resistant
A: retaliatory headbutt, horns 2
a: Curse Item, Scrying, Renounce Religion


You were on level 11 of the Dungeon.
You worshipped Ashenzari.
Ashenzari was aware of your devotion.
You were full.

You visited 2 branches of the dungeon, and saw 12 of its levels.
You also visited: Ossuary.

You collected 694 gold pieces.

Inventory:

Hand Weapons
 a - a cursed +0 vampiric executioner's axe
 b - a +0 battleaxe
 k - a +0 hand axe of electrocution (weapon)
 u - a +1 antimagic dire flail
Missiles
 n - a throwing net (quivered)
Armour
 c - a +0 hat (worn)
 d - a +1 cloak (worn)
 p - a +0 scale mail (worn)
 E - a +0 pair of gloves (worn)
 L - a +1 leather armour of cold resistance
Jewellery
 g - an uncursed ring of magical power
 m - an amulet of the gourmand (around neck)
 q - a +4 ring of strength (left hand)
 r - a ring of protection from fire (right hand)
 t - an uncursed amulet of faith
 D - an uncursed ring of magical power
 I - an uncursed amulet of regeneration
Wands
 e - a wand of paralysis (20)
 o - a wand of polymorph (9)
 H - a wand of clouds (6)
Scrolls
 j - 4 scrolls of remove curse
 l - 4 scrolls of enchant armour
 s - 2 scrolls of magic mapping
 y - 3 scrolls of teleportation
 B - a scroll of enchant weapon
 C - a scroll of amnesia
 F - a scroll of blinking
 G - a scroll of identify
Potions
 h - a potion of haste
 i - 3 potions of flight
 v - 2 potions of cancellation
 w - 3 potions of brilliance
 x - a potion of agility
 J - a potion of curing
Comestibles
 f - 22 rations


   Skills:
 + Level 8.6 Fighting
 * Level 11.9 Axes
 - Level 2.0 Throwing
 + Level 8.1 Armour
 * Level 11.0 Dodging
 + Level 3.0 Stealth
 + Level 3.0 Evocations


You had 10 spell levels left.
You didn't know any spells.
Your spell library contained the following spells:

 Spells                   Type           Power        Failure   Level  Hunger
 Animate Skeleton         Necr           N/A          71%         1    ##.....
 Apportation              Tloc           #.....       71%         1    ##.....
 Beastly Appendage        Tmut           #.....       71%         1    ##.....
 Confusing Touch          Hex            #.....       71%         1    ##.....
 Corona                   Hex            #......      71%         1    ##.....
 Summon Small Mammal      Summ           #...         71%         1    ##.....
 Ensorcelled Hibernation  Hex/Ice        #.....       83%         2    ###....
 Sticks to Snakes         Tmut           #.......     83%         2    ###....
 Confuse                  Hex            #.......     97%         3    ####...
 Dazzling Spray           Conj/Hex       #.....       97%         3    ####...
 Spider Form              Tmut/Pois      #.........   97%         3    ####...
 Tukima's Dance           Hex            #.......     97%         3    ####...
 Ice Form                 Ice/Tmut       #.......     100%        4    #####..
 Blade Hands              Tmut           #.........   100%        5    ######.


Dungeon Overview and Level Annotations

Branches:
Dungeon (11/15)            Temple (1/1) D:5             Orc (0/2) D:9
   Lair: D:8-11

Altars:
Ashenzari
Cheibriados
Dithmenos
Elyvilon
Fedhas
Gozag
Hepliaklqana
Kikubaaqudgha
Makhleb
Nemelex Xobeh
Okawaru
Qazlal
Ru
Sif Muna
Trog
Uskayaw
Vehumet
Wu Jian
Xom
Yredelemnul
Zin
The Shining One

Shops:
D:7 *

Annotations:
D:6 2 transporters


Innate Abilities, Weirdness & Mutations

You reflexively headbutt those who attack you in melee.
You have a pair of horns on your head.


Message History

You feel protected. The frost giant misses you. You furiously retaliate!
You headbutt the frost giant, but do no damage.
You feel very mighty all of a sudden.
The tengu reaver casts a spell.
The tengu reaver conjures a globe of magical energy!
The frost giant points at you and mumbles some strange words.
The bolt of cold misses you.
A battlesphere comes into view.
You hit the tengu reaver. Your headbutt misses the tengu reaver.
The tengu reaver is lightly wounded.
You slash the frost giant!
Lightning courses through the frost giant!
The tengu reaver hits you with a +2 great sword of slicing!!
* * * LOW HITPOINT WARNING * * *
x2 The tengu reaver pecks you but does no damage.
The tengu reaver claws you.
* * * LOW HITPOINT WARNING * * *
The frost giant hits you with a +2 battleaxe of freezing!!
You die...

#. #. #. .#
#.########..#
#####..(........#
.........<......#
......*......#...
...#8Q@8#...#
#...C##..#
#......##.#
##$$$$## .#
###### . .... ..
._.._ .....


You could see a frost giant, a tengu reaver and a battlesphere.

Vanquished Creatures
  A cyclops (D:10)
  A gargoyle (D:10)
  A hornet (D:8)
  Prince Ribbit (D:9)
  Grinder (D:6)
  A hippogriff (D:10)
  The ghost of MisterFreud the Changer, an amateur OpTm (D:4)
  A wyvern (D:8)
  A spriggan (D:7)
  A vampire (D:9)
  4 yaks (D:10)
  A hungry ghost (D:9)
  A warg (D:9)
  Edmund (D:5)
  4 soldier ants (D:5)
  6 water moccasins
  3 orc warriors
  A phantom (D:5)
  3 sky beasts (D:10)
  An ice beast (D:6)
  An eye of draining (D:10)
  A black bear (D:9)
  9 ogres
  6 centaurs
  A crocodile (D:8)
  2 big kobolds
  2 bullfrogs
  An elf zombie (D:4)
  An elf skeleton (D:4)
  A scorpion (D:5)
  A howler monkey (D:9)
  12 killer bees
  3 wights (D:9)
  3 crimson imps (D:6)
  A bullfrog zombie (D:5)
  8 orc priests
  Crazy Yiuf (D:2)
  2 human zombies (D:4)
  3 jellies (D:9)
  3 hounds
  8 orc wizards
  A centaur skeleton (D:10)
  2 human skeletons (D:4)
  An iguana (D:9)
  17 worker ants
  A hound skeleton (D:3)
  8 mummies (Ossuary)
  3 worker ant zombies
  A howler monkey zombie (D:8)
  11 gnolls
  15 adders
  A shadow imp (D:8)
  3 worms
  6 leopard geckos
  53 orcs
  2 giant cockroaches
  A gnoll zombie (Ossuary)
  6 goblins
  7 hobgoblins
  8 jackals
  10 kobolds
  4 quokkas
  4 ball pythons
  8 bats
  7 frilled lizards
  4 hobgoblin zombies (Ossuary)
  A kobold zombie (Ossuary)
  2 orc zombies (Ossuary)
  7 rats
299 creatures vanquished.

Vanquished Creatures (others)
  An orc warrior (D:8)
1 creature vanquished.

Grand Total: 300 creatures vanquished

Notes
Turn   | Place    | Note
-------+----------+-------------------------------------------
     0 | D:1      | Borgoz the Minotaur Gladiator began the quest for the Orb.
     0 | D:1      | Reached XP level 1. HP: 18/18 MP: 0/0
   146 | D:1      | Reached XP level 2. HP: 25/25 MP: 1/1
   294 | D:1      | Reached skill level 1 in Armour
   735 | D:2      | Reached XP level 3. HP: 30/30 MP: 2/2
  1220 | D:2      | Found a runed translucent door.
  1221 | D:2      | Noticed Crazy Yiuf
  1466 | D:2      | Killed Crazy Yiuf
  1466 | D:2      | Reached XP level 4. HP: 18/38 MP: 3/3
  1658 | D:3      | Reached XP level 5. HP: 2/45 MP: 4/4
  1661 | D:3      | Reached skill level 5 in Axes
  2359 | D:4      | Noticed a water moccasin
  2371 | D:4      | Killed a water moccasin
  2371 | D:4      | Reached skill level 5 in Dodging
  2371 | D:4      | Reached XP level 6. HP: 30/52 MP: 5/5
  2461 | D:4      | Found a stormy altar of Qazlal.
  2502 | D:4      | Found a runed translucent door.
  2503 | D:4      | Noticed MisterFreud's ghost (amateur OpTm)
  2707 | D:4      | Found a runed translucent door.
  2750 | D:4      | Found a sand-covered staircase.
  2760 | Ossuary  | Entered an ossuary
  3197 | D:4      | Reached XP level 7. HP: 39/60 MP: 6/6
  3690 | D:4      | Killed MisterFreud's ghost
  3690 | D:4      | Reached skill level 5 in Fighting
  3690 | D:4      | Reached XP level 8. HP: 52/68 MP: 7/7
  3788 | D:5      | Entered Level 5 of the Dungeon
  3788 | D:5      | Noticed Edmund
  3789 | D:5      | Found a staircase to the Ecumenical Temple.
  3798 | D:5      | Killed Edmund
  3945 | D:5      | Found an iron altar of Okawaru.
  4107 | D:5      | Found the +9 staff of Olgreb {rPois}
  4109 | D:5      | Found a runed translucent door.
  4114 | D:5      | Found a runed translucent gate.
  4114 | D:5      | Found a runed translucent gate.
  4115 | D:5      | Found a runed translucent door.
  4268 | D:5      | Found a runed translucent gate.
  4455 | Temple   | Entered the Ecumenical Temple
  4544 | Temple   | Became a worshipper of Ashenzari the Shackled
  4627 | D:5      | Reached skill level 5 in Armour
  4670 | D:5      | Reached XP level 9. HP: 19/75 MP: 8/8
  5440 | D:6      | Found a sacrificial altar of Ru.
  5598 | D:6      | Noticed Grinder
  5601 | D:6      | Paralysed by Grinder for 3 turns
  5608 | D:6      | Killed Grinder
  5608 | D:6      | Reached skill level 10 in Axes
  5707 | D:6      | Found a transporter.
  5709 | D:6      | Found a transporter.
  5743 | D:6      | Found a snail-covered altar of Cheibriados.
  6661 | D:7      | Found Upeshrost's Serpentskin Sales.
  6666 | D:7      | Reached XP level 10. HP: 69/86 MP: 9/9
  7120 | D:8      | Reached skill level 1 in Evocations
  7122 | D:8      | Reached skill level 1 in Stealth
  7139 | D:8      | Found an opulent altar of Gozag.
  7416 | D:8      | Reached skill level 10 in Dodging
  8020 | D:9      | Found a staircase to the Orcish Mines.
  8125 | D:9      | Noticed Prince Ribbit
  8142 | D:9      | Killed Prince Ribbit
  8185 | D:9      | Found a deep blue altar of Sif Muna.
  8473 | D:10     | Entered Level 10 of the Dungeon
  8498 | D:10     | Noticed a gargoyle
  8537 | D:10     | Killed a gargoyle
  8675 | D:10     | Noticed a cyclops
  8675 | D:10     | Noticed a white ugly thing
  8964 | D:10     | Reached XP level 11. HP: 86/95 MP: 12/12
  9136 | D:10     | Identified a scroll of acquirement
  9201 | D:10     | Reached * piety under Ashenzari
  9484 | D:10     | Found a white marble altar of Elyvilon.
  9661 | D:11     | Noticed a tengu reaver
  9662 | D:11     | Found a burning altar of Makhleb.
  9662 | D:11     | Noticed a frost giant
  9663 | D:11     | Found a sparkling altar of Nemelex Xobeh.
  9672 | D:11     | Mangled by a frost giant

Levels and vault maps discovered:
D:1:      dpeg_arrival_rooms_c, layout_basic
D:2:      layout_basic, uniq_crazy_yiuf_cottage
D:3:      layout_rooms, first_ration, minmay_misc_feat_square, hex_large
D:4:      layout_basic, marbit_many_paths, ebering_ghost_sewer_f,
          nicolae_ossuary_entry_catacombs
D:5:      layout_loops_ring, okawaru_ov_weapons_minmay,
          minmay_temple_entry_stoned_glass,
          minmay_guarded_unrand_staff_of_olgreb, uniq_edmund
D:6:      gammafunk_steamed_eel, layout_basic, lemuel_doored_altar,
          nicolae_ru_great_annihilating_truth, uniq_grinder
D:7:      layout_loops_ring, the_bakery, guppyfry_shop_venom
D:8:      layout_basic, overflow_temple_1_default
D:9:      layout_roguey, nicolae_overflow_crystal_walls, david_orc_3,
          uniq_prince_ribbit1
D:10:     layout_loops_ring, elyvilon_altar_5
D:11:     lemuel_ice_spiral_2, layout_irregular_city, dpeg_lair_monsters,
          abandoned_shop, jmf_multi_god_temple
Temple:   lightli_temple_of_artemis

Skill      XL: |  1  2  3  4  5  6  7  8  9 10 11 |
---------------+----------------------------------+-----
Axes           | 4 5 6 7 8 10 11 | 11.9
Armour         | 1 2 3 4 5 6 7 8 |  8.1
Fighting       | 3 4 5 6 7 8 |  8.6
Dodging        | 4 5 6 8 9 10 11 | 11.0
Evocations     | 2 3 |  3.0
Stealth        | 2 3 |  3.0
Throwing       | |  2.0

Action                   |  1- 3 |  4- 6 |  7- 9 | 10-12 || total
-------------------------+-------+-------+-------+-------++-------
Melee: War axe           |    76 |   121 |   267 |       ||   464
       Headbutt          |    13 |    22 |    58 |   104 ||   197
       Hand axe          |       |       |    31 |   332 ||   363
Throw: Throwing net      |     3 |     2 |       |     2 ||     7
  Use: Potion            |       |     1 |     5 |     9 ||    15
       Scroll            |       |     8 |     9 |     4 ||    21
 Stab: Held in net/web   |     1 |       |       |     1 ||     2
       Paralysed         |       |       |     1 |       ||     1
  Eat: Chunk             |     1 |    18 |    12 |    15 ||    46
Armor: Leather armour    |    21 |    17 |       |       ||    38
       Scale mail        |       |    27 |    74 |    85 ||   186
       Skin              |       |       |    26 |       ||    26
Dodge: Dodged            |    54 |    96 |   222 |   223 ||   595

Table legend:
 A = Non-vault XP
 B = Vault XP
 C = Vault XP percentage of total XP
 D = Non-vault monster count
 E = Vault monster count
 F = Vault count percentage of total count
                 A         B        C        D         E       F
            +---------+---------+-------+---------+---------+-------
      Total |    9336 |    4029 |  30.1 |     231 |      69 |  23.0
            +---------+---------+-------+---------+---------+-------
        D:1 |      31 |       0 |   0.0 |      20 |       0 |   0.0
        D:2 |      44 |      42 |  48.8 |      17 |       1 |   5.6
        D:3 |     148 |       0 |   0.0 |      30 |       0 |   0.0
        D:4 |     425 |     586 |  58.0 |      15 |      11 |  42.3
        D:5 |     375 |    1923 |  83.7 |      23 |      26 |  53.1
        D:6 |    1016 |     307 |  23.2 |      25 |       5 |  16.7
        D:7 |     400 |     537 |  57.3 |       6 |       5 |  45.5
        D:8 |    1593 |       0 |   0.0 |      32 |       0 |   0.0
        D:9 |    1781 |     481 |  21.3 |      29 |       5 |  14.7
       D:10 |    3523 |       0 |   0.0 |      34 |       0 |   0.0
    Ossuary |       0 |     153 | 100.0 |       0 |      16 | 100.0
            +---------+---------+-------+---------+---------+-------
